 Dungeon Crawl Stone Soup version 0.22-a0-368-g870eee8 (webtiles) character file.

167 Gremour the Grave Robber (level 5, -11/28 HPs)
             Began as a Deep Elf Necromancer on Apr 23, 2018.
             Mangled by a two-headed ogre
             ... wielding a +0 giant spiked club
              (24 damage)
             ... on level 3 of the Dungeon.
             The game lasted 00:24:53 (3113 turns).

Gremour the Grave Robber (Deep Elf Necromancer)     Turns: 3113, Time: 00:24:54

Health: -11/28     AC:  8    Str:  6    XL:     5   Next: 23%
Magic:  1/15       EV: 10    Int: 26    God:
Gold:   179        SH:  0    Dex: 15    Spells: 6/15 levels left

rFire    . . .     SeeInvis .   a - +1 short sword
rCold    + . .     Gourm    .   (no shield)
rNeg     . . .     Faith    .   k - +1 ring mail
rPois    .         Spirit   .   (no helmet)
rElec    .         Reflect  .   n - +0 cloak
rCorr    .         Harm     .   (no gloves)
MR       .....                  g - +0 pair of boots
Stlth    ++........             (no amulet)
HPRegen  1.09/turn              f - +6 ring of intelligence
MPRegen  0.14/turn              l - ring of protection from cold

@: very slightly contaminated, regenerating (expiring)
A: no striking features
a: no special abilities


You were on level 3 of the Dungeon.
You were not hungry.

You visited 1 branch of the dungeon, and saw 3 of its levels.

You collected 179 gold pieces.

Inventory:

Hand Weapons
 a - a +1 short sword (weapon)
Armour
 g - a +0 pair of boots (worn)
 h - a +0 robe
 k - a +1 ring mail (worn)
 n - a +0 cloak (worn)
Jewellery
 f - a +6 ring of intelligence (left hand)
 l - a ring of protection from cold (right hand)
 q - an uncursed ring of fire
Wands
 s - a wand of enslavement (11)
Scrolls
 i - 4 scrolls of identify
Potions
 b - a potion of agility
 e - a potion of degeneration {unknown}
 m - a potion of resistance {unknown}
 o - 2 potions of lignification {unknown}
 p - a potion of magic {unknown}
 r - a potion of invisibility {unknown}
Comestibles
 c - 5 rations
 j - 2 chunks of flesh


   Skills:
 - Level 2.5 Dodging
 * Level 3.1 Stealth
 * Level 5.6 Spellcasting
 * Level 1.2 Charms
 + Level 6.1 Necromancy


You had 6 spell levels left.
You knew the following spells:

 Your Spells              Type           Power        Failure   Level  Hunger
d - Animate Dead          Necr           N/A          24%         4    ###....
k - Animate Skeleton      Necr           N/A          2%          1    None
r - Regeneration          Chrm/Necr      ####......   19%         3    #......
z - Pain                  Necr           ####         2%          1    None


Dungeon Overview and Level Annotations

Branches:
Dungeon (3/15)

Altars:
Okawaru
Qazlal
Trog

Annotations:
D:3 magipi's ghost, amateur MiSk


Message History

You are very lightly contaminated with residual magic.
As you read the scroll of blinking, it crumbles to dust.
Your leopard gecko skeleton bites the two-headed ogre.
Casting: Regeneration (safe; 19% risk of failure)
Confirm with . or Enter, or press ? or * to list all spells.
Aiming: Pain (safe; 2% risk of failure)
Press: ? - help, Shift-Dir - straight line, f - two-headed ogre
Aim: a two-headed ogre, wielding a giant spiked club and a giant club (moderately wounded, chance to defeat MR: 71%)
The two-headed ogre writhes in agony!
Your leopard gecko skeleton bites the two-headed ogre but does no damage.
Casting: Pain (safe; 2% risk of failure)
Confirm with . or Enter, or press ? or * to list all spells.
Aiming: Pain (safe; 2% risk of failure)
Press: ? - help, Shift-Dir - straight line, f/p - two-headed ogre
Aim: a two-headed ogre, wielding a giant spiked club and a giant club (moderately wounded, chance to defeat MR: 71%)
The two-headed ogre writhes in agony!
Your skin is crawling a little less now.
The two-headed ogre hits you with a giant spiked club!!
Ouch! That really hurt!
You die...

....#...#.......##.....
?....'.).')...%..###....
.....#...#.......#.#....
....##...##.....##......
...# #...###...###.#....
##### #...# ##### #.#....
##...###.Z.###...###.....#
##.....##.O.##.....#####...
#.......#.@.#.......# #...
#.......'...'.......# #...
#.......#...#.......# #...
##.....##...##.....## #...
##...###...###...## #...
##### #...# ##### #...
##...###...###...## #...
##.....##...##.....## #.<.
#.......#...#.......# ####


You could see a two-headed ogre and a friendly leopard gecko skeleton.

Vanquished Creatures
  2 orc priests (D:3)
  3 adders
  An ooze (D:1)
  2 worms
  2 dart slugs (D:1)
  4 leopard geckos
  2 orcs (D:3)
  3 giant cockroaches
  8 hobgoblins
  7 kobolds
  A quokka (D:3)
  3 ball pythons (D:2)
  7 bats
  4 frilled lizards
  8 goblins
  13 rats
70 creatures vanquished.

Notes
Turn   | Place    | Note
-------+----------+-------------------------------------------
     0 | D:1      | Gremour the Deep Elf Necromancer began the quest for the Orb.
     0 | D:1      | Reached XP level 1. HP: 10/10 MP: 6/6
     0 | D:1      | Noticed a shadow dragon
     1 | D:1      | Noticed a shadow dragon
     7 | D:1      | Noticed an orb of fire
     8 | D:1      | Noticed a large abomination
     9 | D:1      | Noticed an ice dragon
    11 | D:1      | Noticed an ice dragon
    11 | D:1      | Noticed a green draconian
    13 | D:1      | Noticed an iron dragon
    13 | D:1      | Noticed a red draconian
    15 | D:1      | Noticed a large abomination
    15 | D:1      | Noticed a black draconian
    18 | D:1      | Noticed an ice dragon
    18 | D:1      | Noticed a shadow dragon
    20 | D:1      | Noticed a tentacled monstrosity
    22 | D:1      | Noticed an iron dragon
    75 | D:1      | Reached skill level 5 in Necromancy
   346 | D:1      | Learned a level 1 spell: Animate Skeleton
   400 | D:1      | Reached XP level 2. HP: 4/15 MP: 4/8
  1218 | D:1      | Reached XP level 3. HP: 18/19 MP: 7/10
  1223 | D:1      | Learned a level 3 spell: Regeneration
  1641 | D:2      | Found a bloodstained altar of Trog.
  1995 | D:2      | Reached XP level 4. HP: 23/24 MP: 10/12
  2199 | D:2      | Found a stormy altar of Qazlal.
  2469 | D:3      | Found an iron altar of Okawaru.
  2498 | D:3      | Noticed magipi's ghost (amateur MiSk)
  2873 | D:3      | Reached skill level 5 in Spellcasting
  2879 | D:3      | Reached skill level 1 in Charms
  2879 | D:3      | Reached skill level 6 in Necromancy
  2879 | D:3      | Reached XP level 5. HP: 20/28 MP: 4/14
  2898 | D:3      | Learned a level 4 spell: Animate Dead
  3091 | D:3      | Noticed a two-headed ogre
  3113 | D:3      | Mangled by a two-headed ogre

Vault maps used:
D:1:      shiori_arrival_whats_in_store_for_you, serial_glass, glass_columns_a,
          glass_columns_a, bh_walls_and_bars
D:2:      nicolae_qazlal_general_emergency, minmay_misc_feat_roman, trog_book
D:3:      kennysheep_six_static_rooms, okawaru_ov_weapons_minmay

Skill      XL: |  1  2  3  4 |
---------------+-------------+-----
Necromancy     | 5 6 |  6.1
Spellcasting   | 4 5 |  5.6
Stealth        | 3 |  3.1
Charms         | 1 |  1.2
Dodging        | |  2.5

Action                   |  1- 3 |  4- 6 || total
-------------------------+-------+-------++-------
Melee: Short sword       |    15 |     7 ||    22
 Cast: Pain              |    71 |    44 ||   115
       Animate Skeleton  |     8 |     3 ||    11
       Regeneration      |       |     5 ||     5
       Animate Dead      |       |     1 ||     1
  Use: Scroll            |     6 |     3 ||     9
 Stab: Sleeping          |     2 |       ||     2
       Distracted        |       |     2 ||     2
  Eat: Chunk             |     3 |     4 ||     7
Armor: Ring mail         |    10 |    10 ||    20
Dodge: Dodged            |    11 |    15 ||    26

Table legend:
 A = Spawn XP
 B = Non-spawn XP
 C = Spawn XP percentage of total XP
 D = Spawn monster count
 E = Non-spawn monster count
 F = Spawn count percentage of total count
 G = Total turns spent on level
                    A         B        C        D         E        F      G
               +---------+---------+-------+---------+---------+-------+---------
         Total |       0 |     239 |   0.0 |       0 |      70 |   0.0 |  3113
               +---------+---------+-------+---------+---------+-------+---------
           D:1 |       0 |      54 |   0.0 |       0 |      27 |   0.0 |  1469
           D:2 |       0 |      45 |   0.0 |       0 |      22 |   0.0 |   971
           D:3 |       0 |     140 |   0.0 |       0 |      21 |   0.0 |   673
               +---------+---------+-------+---------+---------+-------+---------
